 Dungeon Crawl Stone Soup version 0.29.1-2-gbd0b4ee654 (webtiles) character file.

Game seed: 3875775300818835382

513678 Labrat the Devastator (level 23, -11/199 HPs)
             Began as a Demigod Conjurer on Nov 16, 2022.
             Hit by a large rock thrown by a stone giant (42 damage)
             ... on level 5 of the Vaults on Nov 21, 2022.
             The game lasted 05:33:11 (94787 turns).

Labrat the Devastator (Demigod Conjurer)           Turns: 94787, Time: 05:33:12

Health: -11/199    AC: 14    Str: 11    XL:     23   Next: 30%
Magic:  68/81      EV: 12    Int: 48    God:
Gold:   6928       SH: 11    Dex: 19    Spells: 21/62 levels left

rFire   + . .      SeeInvis +   o - staff of conjuration
rCold   + . .      Faith    .   b - +2 buckler {rC+}
rNeg    . . .      Spirit   .   P - +5 robe of Night {Dark Will+ SInv}
rPois   +          Reflect  +   R - +3 hat of Pondering {ponderous, Will+ MP+10 Int+5}
rElec   .          Harm     .   W - scarf {repulsion}
rCorr   .          Rampage  .   J - +2 pair of gloves
Will    ++++.      Clarity  +   v - +0 pair of boots {Fly}
Stlth   +++.......              d - amulet of reflection
HPRegen 0.43/turn               a - ring of Xom's Bemusement {rPois MP+9 Dex+3}
MPRegen 0.47/turn               p - ring "Sohet" {rF+ MP+9 Stlth+}

@: about to teleport, flying, studying 2 skills, repel missiles, slow
A: high MP 1, forlorn, divine attributes, agile 1, clarity
}: 2/15 runes: barnacled, gossamer
a: no special abilities


You were on level 5 of the Vaults.
You visited 11 branches of the dungeon, and saw 47 of its levels.
You also visited: Bailey, Gauntlet and Ice Cave.

You collected 7302 gold pieces.
You spent 374 gold pieces at shops.

Inventory:

Missiles
 q - 2 curare-tipped darts
 G - 14 silver javelins
Armour
 b - a +2 buckler of cold resistance (worn)
 v - a +0 pair of boots of flying (worn)
 J - a +2 pair of gloves (worn)
 P - the +5 robe of Night (worn) {Dark Will+ SInv}
   (You took it off a deep elf archer on level 3 of the Elven Halls)

   It shrouds the wearer in darkness, reducing the range at which they can see
   and be seen by others.
   SInv:      It lets you see invisible.
   Will:      It increases your willpower.
 R - the +3 hat of Pondering (worn) {ponderous, Will+ MP+10 Int+5}
   (You took it off Gastronok on level 1 of the Lair of Beasts)

   Int:       It affects your intelligence (+5).
   MP:        It affects your magic capacity (+10).
   Will:      It increases your willpower.
 W - a scarf of repulsion (worn)
Magical Staves
 o - a staff of conjuration (weapon)
Jewellery
 a - the ring of Xom's Bemusement (left hand) {rPois MP+9 Dex+3}
   (You found it in a Gauntlet)

   [ring of magical power]

   Dex:       It affects your dexterity (+3).
   rPois:     It protects you from poison.
   MP:        It affects your magic capacity (+9).
 d - an amulet of reflection (around neck)
 p - the ring "Sohet" (right hand) {rF+ MP+9 Stlth+}
   (You found it in a Gauntlet)

   [ring of magical power]

   rF:        It protects you from fire.
   MP:        It affects your magic capacity (+9).
   Stlth:     It makes you more stealthy.
Wands
 m - a wand of roots (28)
 w - a wand of light (42)
 y - a wand of polymorph (5)
 C - a wand of digging (11)
 O - a wand of paralysis (35)
 Q - a wand of mindburst (18)
 U - a wand of flame (50)
Scrolls
 f - 10 scrolls of teleportation
 g - 8 scrolls of fear
 j - 5 scrolls of blinking
 l - 12 scrolls of fog
 s - 6 scrolls of poison
 z - 11 scrolls of vulnerability
 D - 6 scrolls of magic mapping
 I - 7 scrolls of immolation
 K - 3 scrolls of silence
 Z - a scroll of summoning
Potions
 c - 18 potions of curing
 e - 6 potions of brilliance
 k - 8 potions of mutation
 n - 15 potions of ambrosia
 r - 15 potions of heal wounds
 t - 2 potions of invisibility
 B - a potion of might
 F - 2 potions of resistance
 L - 4 potions of haste
 N - a potion of magic
 V - a potion of cancellation
Miscellaneous
 h - a phial of floods
 E - a condenser vane
 M - a phantom mirror
 X - a lightning rod (4/4)


   Skills:
 - Level 15.0 Fighting
 - Level 3.0 Armour
 - Level 1.7 Dodging
 - Level 1.7 Stealth
 - Level 20.0 Spellcasting
 - Level 20.0 Conjurations
 - Level 15.0 Fire Magic
 - Level 18.0 Earth Magic
 + Level 14.1 Evocations


You had 21 spell levels left.
You knew the following spells:

 Your Spells              Type           Power      Damage    Failure   Level
c - Iskenderun's Mystic   Conj/Tloc      100%       2d19      1%          4
d - Stone Arrow           Conj/Erth      100%       3d13      0%          3
e - Mephitic Cloud        Conj/Pois/Air  100%       N/A       1%          3
f - Starburst             Conj/Fire      72%        6d19      1%          6
g - Lehudib's Crystal Sp  Conj/Erth      74%        10d17     1%          8
h - Swiftness             Air            48%        N/A       1%          3
i - Hailstorm             Conj/Ice       100%       3d20      1%          4
j - Borgnjor's Vile Clut  Necr/Erth      47%        N/A       1%          5
l - Lee's Rapid Deconstr  Erth           60%        3d29*     0%          5

Your spell library contained the following spells:

 Spells                   Type           Power      Damage    Failure   Level
 Foxfire                  Conj/Fire      100%       2x1d9     0%          1
 Magic Dart               Conj           100%       1d8       0%          1
 Sandblast                Erth           100%       2d20      0%          1
 Shock                    Conj/Air       100%       1d9       0%          1
 Searing Ray              Conj           100%       2d8       0%          2
 Conjure Flame            Conj/Fire      100%       6-21      0%          3
 Flame Wave               Conj/Fire      100%       2d21      0%          4
 Apportation              Tloc           96%        N/A       1%          1
 Necrotise                Necr           100%       1d9       1%          1
 Slow                     Hex            100%       N/A       1%          1
 Sting                    Tmut/Pois      100%       1d8       1%          1
 Summon Small Mammal      Summ           100%       N/A       1%          1
 Blink                    Tloc           96%        N/A       1%          2
 Call Imp                 Summ           48%        N/A       1%          2
 Ensorcelled Hibernation  Hex/Ice        96%        N/A       1%          2
 Passwall                 Tmut/Erth      78%        N/A       1%          2
 Poisonous Vapours        Pois/Air       96%        N/A       1%          2
 Sublimation of Blood     Necr           48%        N/A       1%          2
 Wereblood                Tmut           48%        N/A       1%          2
 Confusing Touch          Hex            48%        N/A       1%          3
 Dazzling Flash           Conj/Hex       100%       N/A       1%          3
 Ignite Poison            Fire/Tmut/Pois 77%        N/A       1%          3
 Inner Flame              Hex/Fire       88%        N/A       1%          3
 Lesser Beckoning         Tloc           48%        N/A       1%          3
 Spider Form              Tmut/Pois      48%        N/A       1%          3
 Vampiric Draining        Necr           48%        2d9       1%          3
 Animate Armour           Summ/Erth      100%       N/A       1%          4
 Fulminant Prism          Conj/Hex       60%        3d27      1%          4
 Petrify                  Tmut/Erth      94%        N/A       1%          4
 Freezing Cloud           Conj/Ice/Air   53%        6-21      1%          5
 Irradiate                Conj/Tmut      60%        3d31      1%          5
 Lightning Bolt           Conj/Air       60%        1d83      1%          5
 Airstrike                Air            24%        2d(4-20)  4%          4
 Anguish                  Hex/Necr       24%        N/A       4%          4
 Animate Dead             Necr           48%        N/A       4%          4
 Cause Fear               Hex            24%        N/A       4%          4
 Corpse Rot               Necr/Pois/Air  48%        N/A       4%          4
 Dispel Undead            Necr           48%        3d18      4%          4
 Ice Form                 Ice/Tmut       48%        N/A       4%          4
 Summon Lightning Spire   Summ/Air       48%        N/A       4%          4
 Agony                    Necr           48%        N/A       14%         5
 Alistair's Intoxication  Tmut/Pois      32%        N/A       14%         5
 Blade Hands              Tmut           24%        N/A       14%         5
 Manifold Assault         Tloc           48%        N/A       14%         5
 Summon Forest            Summ/Tloc      24%        N/A       14%         5
 Summon Mana Viper        Hex/Summ       48%        N/A       14%         5
 Yara's Violent Unravell  Hex/Tmut       24%        3d11      14%         5
 Eringya's Noxious Bog    Tmut/Pois      24%        N/A       58%         6
 Simulacrum               Ice/Necr       24%        N/A       58%         6
 Summon Cactus Giant      Summ           24%        N/A       58%         6
 Dragon Form              Tmut           24%        N/A       99%         7
 Summon Hydra             Summ           24%        N/A       99%         7
 Borgnjor's Revivificati  Necr           24%        N/A       100%        8
 Infestation              Necr           24%        N/A       100%        8
 Necromutation            Tmut/Necr      24%        N/A       100%        8
 Death's Door             Necr           24%        N/A       100%        9
 Dragon's Call            Summ           24%        N/A       100%        9
 Polar Vortex             Ice            24%        N/A       100%        9


Dungeon Overview and Level Annotations

Branches:
Dungeon (15/15)            Temple (1/1) D:6            Lair (5/5) D:10
 Shoals (4/4) Lair:3       Spider (4/4) Lair:2        Slime (0/5) Lair:4
    Orc (2/2) D:9             Elf (3/3) Orc:2        Vaults (4/5) D:14
  Crypt (3/3) Vaults:2       Tomb (0/3) Crypt:3      Depths (4/4) D:15
   Hell (visited)             Zot (0/5) Depths:4     Bailey (visited)
  IceCv (visited)         Gauntlet (visited)
    Dis: Hell:1         Geh: Hell:1         Coc: Hell:1         Tar: Hell:1

Shops:
D:7 !   D:8 *   D:14 (   Orc:2 !([[   Elf:1 [   Elf:2 [:*   Shoals:3 *
Shoals:4 !   Vaults:2 (   Depths:1 :=:*   Depths:3 !*([

Portals:
Hell: Depths:1 Depths:2 Depths:3 Depths:4
Abyss: Depths:3
Pandemonium: Depths:1 Depths:2
Ziggurat: Depths:2
Trove: D:14 (give +4 shadow dragon scales)

Annotations:
Spider:4 3 runed translucent doors, dvd2's ghost, adept MiFi
Hell Geryon


Innate Abilities, Weirdness & Mutations

You have an increased reservoir of magic. (+10% MP)
You shall have no god before yourself.
Your divine heritage dramatically boosts your attributes as you level up.
You are agile. (Dex +4, Str/Int -1)
You possess an exceptional clarity of mind.


Message History

The vault warden is almost dead.
The mystic blast hits the vault guard.
The vault guard is moderately wounded.
The vault guard is knocked back by the mystic blast.
The vault guard collides with the vault warden!
The vault warden is heavily wounded.
The vault guard is moderately wounded.
The mystic blast hits the vault warden!!
The vault warden is heavily wounded.
The vault warden is knocked back by the mystic blast.
The vault warden collides with the yaktaur!
The yaktaur is severely wounded.
The vault warden is severely wounded.
The mystic blast hits the phantasmal warrior but does no damage.
The phantasmal warrior is severely damaged.
The mystic blast hits the titan!!
The titan is almost dead.
The titan is knocked back by the mystic blast.
The mystic blast hits the vault guard!
The vault guard is severely wounded.
The vault guard is knocked back by the mystic blast.
The vault guard collides with the vault sentinel!
The vault sentinel is severely wounded.
The vault guard is almost dead.
Your surroundings seem slightly different.
A two-headed ogre comes into view.
The ironbound preserver casts a spell.
The ironbound preserver is healed somewhat.
You block the stone giant's attack. The phantasmal warrior gestures at you.
The phantasmal warrior blinks!
The vault warden hits you with a +0 vorpal dire flail.
* * * LOW HITPOINT WARNING * * *
x2 Blink to where?
Press: ? - help, Dir - move target
As you read the scroll of blinking, it crumbles to dust.
The two-headed ogre changes into a glowing shapeshifter!
As you read the scroll of teleportation, it crumbles to dust.
You feel strangely unstable.
The stone giant throws a large rock.
The large rock hits you!!!
You die...

###....# ##......#
#.......# ##.......#
#.......# #....@..#
#.......# ....#
#.......## ....#
#.......# #....# ..
.........##..Wp#..#
.....##..C#..[.#..##
..### #.p§p.Xc.[pp
##..ep.[[.###
...cW<<§pC...


You could see a stone giant.

Vanquished Creatures
  Mara (Vaults:4)
  A juggernaut (Depths:3)
  Sojobo (Depths:3)
  Boris (twice) (Vaults:4 Depths:4)
  Vv (Depths:3)
  Saint Roka (Vaults:4)
  Frederick (Vaults:4)
  3 caustic shrikes (Depths:4)
  Nikola (Spider:4)
  2 profane servitors (Crypt:3)
  A bone dragon (Crypt:3)
  Arachne (Spider:3)
  5 golden dragons
  2 shard shrike zombies
  Jorgrun (D:11)
  Rupert (Lair:3)
  Mlioglotl (Shoals:4)
  4 liches
  A tentacled monstrosity (Vaults:4)
  5 deep elf blademasters
  2 deep elf master archers (Elf:3)
  3 sphinxes
  Gastronok (Lair:1)
  Polyphemus (Shoals:4)
  A shadow dragon (Depths:3)
  7 tengu reavers
  2 storm dragons
  Donald (Vaults:2)
  An azure jelly (shapeshifter) (Elf:1)
  A draconian knight (Depths:4)
  4 fire giants
  12 vault wardens
  4 orc warlords
  8 deep elf sorcerers
  A cacodemon (Hell)
  7 frost giants
  A ghost moth (Spider:3)
  Aizul (Shoals:1)
  3 emperor scorpions
  A spectral juggernaut (Depths:3)
  2 curse skulls (Crypt:3)
  5 deep elf elementalists
  An angel (Depths:1)
  3 juggernaut zombies (Crypt:3)
  A draconian annihilator (Depths:4)
  3 broodmothers
  16 ironbound preservers
  11 ghouls
  A reaper (Hell)
  4 ironbound thunderhulks
  3 spriggan defenders (Depths:2)
  10 stone giants
  13 very ugly things
  2 black draconians (Depths:4)
  4 deep elf demonologists
  6 entropy weavers
  5 vampire knights
  A putrid mouth (Hell)
  10 dire elephants
  A minotaur (Gauntlet)
  2 yellow draconians (Depths:4)
  3 purple draconians (Depths:4)
  11 spark wasps
  11 deep elf annihilators
  15 eidola
  2 crystal guardians (Vaults:1)
  10 ettins
  6 deep elf death magi
  A mummy priest (Crypt:3)
  6 fire dragons
  A quicksilver dragon zombie (Crypt:3)
  7 jiangshi
  8 merfolk javelineers (Shoals:4)
  5 deep elf high priests (Elf:3)
  4 merfolk impalers
  Harold (D:9)
  7 yaktaur captains
  13 hydras
  6 ice dragons
  32 vault guards
  A spriggan air mage (Depths:2)
  A rakshasa (D:12)
  7 great orbs of eyes
  2 quicksilver dragon skeletons (Crypt:2)
  2 catoblepae
  The ghost of zen1337 the Destroyer, a journeyman DsCj of Vehumet (D:9)
  3 ogre magi
  4 merfolk avatars
  12 boulder beetles
  8 centaur warriors
  9 ironbound frosthearts
  Erolcha (D:12)
  2 jorogumos
  2 peacekeepers
  6 radroaches
  4 merfolk aquamancers (Shoals:4)
  A bennu zombie (Crypt:1)
  3 alligator snapping turtles
  28 dancing weapons
  14 two-headed ogres
  An orc high priest (Orc:2)
  2 death scarabs (Gauntlet)
  5 deep troll shamans
  3 death knights
  11 deep troll earth magi
  4 satyrs
  5 vampire magi
  4 death yaks
  2 tengu warriors
  14 hell knights
  Urug (D:12)
  2 sun demons
  Nergalle (Lair:1)
  A fire crab (Lair:3)
  15 deep elf knights
  5 sun moths
  A sixfirhy (Depths:1)
  A spark wasp zombie (D:15)
  18 skeletal warriors
  A spectral death yak (Gauntlet)
  5 pharaoh ants
  A golden dragon zombie (D:15)
  9 iron trolls
  7 sea snakes
  22 orb spiders
  2 spriggan simulacra (IceCv)
  6 steelbarb worms
  7 bog bodies
  4 flayed ghosts
  64 deep trolls
  A kraken simulacrum (Shoals:4)
  An obsidian statue (IceCv)
  A bunyip skeleton (Crypt:2)
  3 glowing orange brains
  8 ironbound convokers
  5 necromancers
  9 orc knights
  9 wizards
  A sphinx zombie (D:15)
  2 deep elf archers
  23 harpies
  8 lindwurms
  21 phantasmal warriors
  29 deep elf zephyrmancers
  A mana viper (shapeshifter) (D:15)
  25 wolf spiders
  33 deep elf pyromancers
  4 orc sorcerers
  A shining eye (Depths:2)
  2 oklob plants (Lair:3)
  A fire giant zombie (Crypt:2)
  44 ugly things
  17 cyclopes
  33 fauns
  13 manticores
  2 dire elephant zombies (Crypt:3)
  12 merfolk sirens
  2 moths of wrath
  A water nymph (shapeshifter) (Depths:2)
  11 black mambas
  The ghost of Rigoremortis the Chopper, a novice HOFi of Beogh (D:4)
  Joseph (D:7)
  A centaur zombie (Crypt:3)
  23 elephants
  6 torpor snails
  15 vault sentinels
  An eye of devastation (Depths:2)
  2 guardian serpents
  3 gargoyles
  4 orange demons
  6 water nymphs
  10 cane toads
  3 spriggan zombies
  The ghost of McKennaii the Conjurer, a novice DgCj (D:6)
  An efreet (D:15)
  3 rime drakes
  2 kobold demonologists
  18 freezing wraiths
  12 komodo dragons
  Maggie (D:7)
  A redback zombie (Crypt:2)
  An ice devil (IceCv)
  15 yaktaurs
  3 anaconda simulacra (IceCv)
  11 demonic crawlers
  3 tengu conjurers
  2 golden dragon simulacra (IceCv)
  14 trolls
  2 guardian mummies (Crypt:3)
  A hydra zombie (Crypt:3)
  A queen bee (Spider:2)
  3 red devils (D:10)
  10 meliai
  23 merfolk
  4 polar bears
  27 tarantellas
  3 wind drakes
  3 hornets (Lair:5)
  20 blink frogs
  A harpy skeleton (Crypt:2)
  5 dream sheep
  An ettin zombie (Crypt:3)
  A dream sheep (shapeshifter) (D:14)
  49 slime creatures
  2 snapping turtles (Shoals:4)
  A meliai zombie (Crypt:1)
  A stone giant simulacrum (Crypt:2)
  Sigmund (D:5)
  20 culicivoras
  31 jumping spiders
  3 vampires (Vaults:2)
  5 shadows
  An air elemental (Elf:2)
  4 fire elementals
  45 yaks
  A spectral fire crab (Gauntlet)
  2 centaur simulacra (Gauntlet)
  12 wyverns
  3 dire elephant simulacra (IceCv)
  A basilisk (shapeshifter) (D:15)
  Grum (D:9)
  10 wraiths
  An ettin skeleton (Crypt:2)
  15 water elementals
  A spectral komodo dragon (Gauntlet)
  A yak (shapeshifter) (D:12)
  4 basilisks
  3 steam dragons
  65 redbacks
  A redback simulacrum (Gauntlet)
  A minotaur simulacrum (IceCv)
  9 vampire mosquitoes
  5 harpy simulacra (IceCv)
  9 wargs
  2 naga zombies (Crypt:3)
  A two-headed ogre zombie (Crypt:2)
  2 acid dragons
  2 hydra simulacra
  A floating eye (Depths:2)
  17 water moccasins
  5 hell hounds (Hell)
  2 black bears
  A meliai simulacrum (Gauntlet)
  12 orc warriors
  4 alligator simulacra (IceCv)
  An ettin simulacrum (IceCv)
  25 ogres
  28 wolves
  A manticore skeleton (Crypt:1)
  5 boggarts
  20 centaurs
  A lindwurm skeleton (Crypt:1)
  3 phantoms
  A kobold brigand (D:10)
  9 bullfrogs
  14 necrophages
  A draconian skeleton (Crypt:1)
  2 deep troll simulacra (IceCv)
  8 gnoll sergeants
  3 earth elementals
  A scorpion (D:6)
  8 wights (D:7)
  A troll zombie (Crypt:2)
  5 wyvern skeletons (Crypt:3)
  A warg skeleton (Crypt:1)
  4 lindwurm simulacra (IceCv)
  A queen bee zombie (Crypt:1)
  33 killer bees
  5 electric eels
  A howler monkey (D:12)
  3 hounds
  17 orc priests
  6 gnoll boudas (Bailey)
  2 jellies (D:6)
  A bullfrog skeleton (Crypt:2)
  A human skeleton (Crypt:2)
  4 iguanas
  26 orc wizards
  An ice beast zombie (Crypt:2)
  An acid dragon skeleton (Crypt:2)
  A mummy (Crypt:3)
  23 gnolls
  9 adders
  A shadow imp (D:6)
  A white imp (D:5)
  3 ufetubi
  4 dart slugs
  81 orcs
  4 bats
  A bat skeleton (Crypt:2)
  6 endoplasms
  6 giant cockroaches
  10 hobgoblins
  4 quokkas
  3 training dummies (D:14)
  8 ball pythons
  4 frilled lizards
  9 goblins
  9 kobolds
  3 rats
2069 creatures vanquished.

Vanquished Creatures (collateral kills)
  An emperor scorpion (Spider:2)
1 creature vanquished.

Vanquished Creatures (others)
  A deep elf archer (Elf:2)
  A slime creature (D:12)
  A boggart (Vaults:2)
  An orc (D:8)
  A bush (Lair:3)
  19 demonic plants (Gauntlet)
  49 fungi
  183 plants
  35 withered plants
291 creatures vanquished.

Grand Total: 2361 creatures vanquished

Notes
Turn   | Place    | Note
-------+----------+-------------------------------------------
     0 | D:1      | Labrat the Demigod Conjurer began the quest for the Orb.
     0 | D:1      | Reached XP level 1. HP: 14/14 MP: 5/5
   246 | D:1      | Reached XP level 2. HP: 20/20 MP: 0/7
   924 | D:1      | Learned a level 2 spell: Searing Ray
  1367 | D:1      | Reached XP level 3. HP: 26/26 MP: 7/9
  1910 | D:2      | Got Plato's Monograph on Stolen Souls
  2223 | D:3      | Reached XP level 4. HP: 33/33 MP: 7/11
  2974 | D:4      | Noticed a black bear
  2991 | D:4      | Killed a black bear
  2992 | D:4      | Reached skill level 5 in Conjurations
  2992 | D:4      | Reached XP level 5. HP: 24/38 MP: 2/13
  3115 | D:4      | Found a runed translucent door.
  3121 | D:4      | Noticed Rigoremortis's ghost (novice HOFi)
  3481 | D:5      | Entered Level 5 of the Dungeon
  3573 | D:5      | Reached XP level 6. HP: 35/45 MP: 11/15
  3739 | D:5      | Noticed a water moccasin
  3750 | D:4      | Learned a level 4 spell: Iskenderun's Mystic Blast
  4175 | D:5      | Killed a water moccasin
  4176 | D:5      | Reached XP level 7. HP: 50/50 MP: 12/17
  4284 | D:5      | Reached skill level 5 in Spellcasting
  4803 | D:5      | Noticed Sigmund
  4823 | D:5      | Killed Sigmund
  5309 | D:6      | Reached XP level 8. HP: 57/57 MP: 14/20
  5739 | D:6      | Found a runed translucent door.
  5740 | D:6      | Noticed McKennaii's ghost (novice DgCj)
  5822 | D:6      | Found a staircase to the Ecumenical Temple.
  5840 | Temple   | Entered the Ecumenical Temple
  6553 | D:7      | Noticed Maggie
  6569 | D:7      | Killed Maggie
  6742 | D:7      | Reached skill level 1 in Fighting
  6742 | D:7      | Reached skill level 1 in Evocations
  6776 | D:7      | Reached XP level 9. HP: 67/67 MP: 15/25
  7208 | D:7      | Noticed Joseph
  7217 | D:7      | Found Ongan's Distillery.
  7320 | D:7      | Bought a potion of heal wounds for 70 gold pieces
  7320 | D:7      | Bought a potion of haste for 140 gold pieces
  7609 | D:4      | Killed Rigoremortis's ghost
  7842 | D:8      | Identified the +2 leather armour of Grace {Dex+6}
  8564 | D:8      | Found Icwatis's Island Escapes.
  9216 | D:9      | Reached skill level 5 in Fighting
  9216 | D:9      | Reached skill level 5 in Evocations
  9269 | D:9      | Found a staircase to the Orcish Mines.
  9535 | D:9      | Noticed Harold
  9696 | D:9      | Noticed Grum
  9704 | D:9      | Killed Grum
  9705 | D:9      | Reached XP level 10. HP: 54/81 MP: 13/26
  9780 | D:9      | Killed Harold
 10624 | D:9      | Found a runed translucent door.
 10625 | D:9      | Noticed zen1337's ghost (journeyman DsCj)
 10658 | D:10     | Entered Level 10 of the Dungeon
 10879 | D:10     | Reached skill level 10 in Conjurations
 10893 | D:10     | Found a flagged portal.
 10916 | Bailey   | Entered a bailey
 12227 | Bailey   | Reached skill level 10 in Spellcasting
 12227 | Bailey   | Reached XP level 11. HP: 82/86 MP: 18/29
 12588 | Bailey   | Identified the ring "Biebu" {EV+4 Str+4}
 13401 | D:10     | Found a staircase to the Lair.
 13556 | D:10     | Noticed a two-headed ogre
 13563 | D:10     | Killed a two-headed ogre
 14029 | D:11     | Identified the +1 chain mail of Vehumet's Grace {Dex+4}
 15237 | D:11     | Learned a level 3 spell: Stone Arrow
 15417 | D:12     | Noticed a wizard
 15417 | D:12     | Noticed a great orb of eyes
 15417 | D:12     | Noticed a wizard
 15437 | D:12     | Noticed a boulder beetle
 15452 | D:12     | Killed a boulder beetle
 15719 | D:12     | Noticed a seven-headed hydra
 15925 | D:12     | Noticed Urug
 15933 | D:12     | Noticed Jorgrun
 16068 | Lair:1   | Entered Level 1 of the Lair of Beasts
 16068 | Lair:1   | Noticed Nergalle
 16075 | Lair:1   | Killed Nergalle
 16097 | Lair:1   | HP: 3/86 [komodo dragon (26)]
 16580 | Lair:1   | Reached XP level 12. HP: 59/94 MP: 16/32
 16746 | Lair:1   | Learned a level 3 spell: Mephitic Cloud
 16774 | Lair:1   | Noticed a four-headed hydra
 16788 | Lair:1   | Killed a four-headed hydra
 17139 | Lair:1   | Noticed Gastronok
 17216 | Lair:1   | Killed Gastronok
 18201 | Lair:2   | Noticed a four-headed hydra
 18212 | Lair:2   | Killed a four-headed hydra
 18214 | Lair:2   | Noticed a boulder beetle
 18258 | Lair:2   | Killed a boulder beetle
 18309 | Lair:2   | Noticed a seven-headed hydra
 18318 | Lair:2   | Killed a seven-headed hydra
 18561 | Lair:2   | Found a hole to the Spider Nest.
 18702 | Lair:2   | Noticed a four-headed hydra
 18705 | Lair:2   | Killed a four-headed hydra
 19139 | Lair:2   | Noticed a seven-headed hydra
 19160 | Lair:2   | Killed a seven-headed hydra
 20554 | Lair:3   | Noticed a boulder beetle
 20842 | Lair:3   | Noticed Rupert
 20843 | Lair:3   | Paralysed by Rupert for 4 turns
 20869 | Lair:3   | Killed Rupert
 20870 | Lair:3   | Reached XP level 13. HP: 107/107 MP: 6/35
 21974 | Lair:3   | Learned a level 6 spell: Starburst
 21984 | Lair:3   | Reached skill level 1 in Fire Magic
 22131 | Lair:3   | Found a staircase to the Shoals.
 23604 | Lair:4   | Reached skill level 5 in Fire Magic
 24115 | Lair:4   | Found a staircase to the Slime Pits.
 24327 | Lair:5   | Entered Level 5 of the Lair of Beasts
 24640 | Lair:5   | Reached skill level 15 in Spellcasting
 24964 | Lair:5   | Reached XP level 14. HP: 115/115 MP: 38/38
 26638 | D:6      | Killed McKennaii's ghost
 26798 | D:7      | Killed Joseph
 26884 | D:8      | Bought a scroll of blinking for 82 gold pieces
 26884 | D:8      | Bought a scroll of blinking for 82 gold pieces
 26985 | D:9      | Killed zen1337's ghost
 27140 | Orc:1    | Entered Level 1 of the Orcish Mines
 27924 | Orc:2    | Entered Level 2 of the Orcish Mines
 28721 | Orc:2    | Reached skill level 10 in Fighting
 29440 | Orc:2    | Found a staircase to the Elven Halls.
 29442 | Orc:2    | Found Rugevaa's Antique Armour Shop.
 29444 | Orc:2    | Found Gas Deci's Antique Armour Shop.
 29452 | Orc:2    | Found Ehuli's Weapon Shoppe.
 29463 | Orc:2    | Found Miutowa's Distillery.
 30005 | D:12     | Noticed Erolcha
 30126 | D:11     | Killed Jorgrun
 30246 | D:12     | Killed Erolcha
 30254 | D:12     | Identified the amulet of Coulit {Acrobat -Cast rF+ Str+4
                  | Stlth+}
 30373 | D:12     | Noticed a storm dragon
 30565 | D:12     | Killed a storm dragon
 30566 | D:12     | Reached XP level 15. HP: 128/128 MP: 31/39
 30572 | D:12     | Identified the ring of Gozag's Delight {rN+ Int+4}
 32292 | D:12     | Killed Urug
 32581 | D:12     | Got the Discourse on Flinty Sinister Rituals
 34484 | D:14     | Found a portal to a secret trove of treasure.
 34964 | D:14     | You fall into a shaft and drop 1 floor!
 34964 | D:15     | Entered Level 15 of the Dungeon
 35019 | D:15     | Reached skill level 15 in Conjurations
 35019 | D:15     | Reached skill level 1 in Earth Magic
 35025 | D:15     | Learned a level 5 spell: Lee's Rapid Deconstruction
 35031 | D:15     | Found a staircase to the Depths.
 35110 | D:15     | Found a gate leading to a gauntlet.
 35127 | Gauntlet | Entered a Gauntlet
 35127 | Gauntlet | Found a transporter.
 35319 | Gauntlet | Found a transporter.
 35332 | Gauntlet | Found a transporter.
 35335 | Gauntlet | Found a transporter.
 35358 | Gauntlet | Found a transporter.
 35368 | Gauntlet | Found a transporter.
 35381 | Gauntlet | Found a transporter.
 35401 | Gauntlet | Found a transporter.
 35405 | Gauntlet | Found a transporter.
 35413 | Gauntlet | Found a transporter.
 35437 | Gauntlet | Found a transporter.
 35439 | Gauntlet | Found a transporter.
 35441 | Gauntlet | Found a runed translucent door.
 35442 | Gauntlet | Found a runed translucent door.
 35688 | Gauntlet | Identified the ring of Xom's Bemusement {rPois MP+9 Dex+3}
 35817 | Gauntlet | Identified the ring "Sohet" {rF+ MP+9 Stlth+}
 35927 | Gauntlet | Identified the +8 crystal plate armour of Generosity {rC+
                  | Int+4}
 36008 | Gauntlet | Identified the +2 scale mail "Jytigrir" {rC+ rN+ Str+4
                  | Dex+3}
 36417 | D:14     | Reached skill level 5 in Earth Magic
 36660 | D:14     | Found a gate to the Vaults.
 36903 | D:14     | Found Gahatsadd's Firing Range.
 37623 | D:15     | Reached XP level 16. HP: 68/139 MP: 41/41
 38835 | Shoals:1 | Entered Level 1 of the Shoals
 39707 | Shoals:1 | Noticed Aizul
 39929 | Shoals:1 | Killed Aizul
 40406 | Elf:1    | Entered Level 1 of the Elven Halls
 42311 | Elf:1    | Found Pakkoivy's Antique Armour Shop.
 43308 | Elf:2    | Found a runed translucent gate.
 43308 | Elf:2    | Found a runed translucent gate.
 43384 | Elf:2    | Found a runed translucent gate.
 43550 | Elf:2    | Found Izypol's Armour Shoppe.
 43553 | Elf:2    | Found Obbyaqax's Book Emporium.
 43559 | Elf:2    | Found Impuac's Assorted Antiques.
 43894 | Elf:2    | Reached XP level 17. HP: 135/146 MP: 44/44
 44513 | Elf:2    | Noticed a deep elf blademaster
 44825 | Elf:2    | Killed a deep elf blademaster
 45149 | Elf:3    | Entered Level 3 of the Elven Halls
 45576 | Elf:3    | Noticed a deep elf blademaster
 45587 | Elf:3    | Reached skill level 10 in Fire Magic
 45590 | Elf:3    | Killed a deep elf blademaster
 45596 | Elf:3    | Paralysed by an air elemental for 1 turns
 45598 | Elf:3    | Paralysed by an air elemental for 1 turns
 45602 | Elf:3    | Paralysed by an air elemental for 1 turns
 45965 | Elf:2    | Paralysed by an air elemental for 1 turns
 47071 | Elf:3    | Noticed a deep elf blademaster
 47075 | Elf:3    | Killed a deep elf blademaster
 47096 | Elf:3    | Noticed a deep elf blademaster
 47663 | Elf:3    | Killed a deep elf blademaster
 47728 | Elf:3    | Identified the +5 executioner's axe of the Teaching
                  | Scorpion {holy, Str+4}
 48031 | Elf:3    | Identified the amulet of Xom's Malicious Joy {Faith rN+}
 48051 | Elf:3    | Identified the +9 plate armour "Mesa" {rElec rC+ Dex-3
                  | Stlth+}
 48069 | Elf:3    | Identified the +8 chain mail of Mezcal {rElec Int+2 Dex+4}
 48069 | Elf:3    | Noticed a deep elf blademaster
 48238 | Elf:3    | Killed a deep elf blademaster
 48581 | Elf:3    | Reached skill level 10 in Earth Magic
 49000 | Elf:3    | Got the Directory of the Sage
 49006 | Elf:3    | Identified the +1 ring mail of Indecent Exposure {rElec
                  | Int+2}
 51560 | Shoals:3 | Reached XP level 18. HP: 154/154 MP: 40/46
 51997 | Shoals:3 | Found Kext's General Store.
 53013 | Shoals:4 | Entered Level 4 of the Shoals
 53015 | Shoals:4 | Noticed Mlioglotl
 53018 | Shoals:4 | Killed Mlioglotl
 53028 | Shoals:4 | Reached skill level 1 in Armour
 54506 | Shoals:4 | Noticed Polyphemus
 54549 | Shoals:4 | Killed Polyphemus
 55439 | Shoals:4 | Reached skill level 10 in Evocations
 55769 | Shoals:4 | Found Jimm's Distillery.
 55975 | Shoals:4 | Got a barnacled rune of Zot
 56411 | Spider:1 | Entered Level 1 of the Spider Nest
 56468 | Spider:1 | Learned a level 8 spell: Lehudib's Crystal Spear
 56768 | Spider:1 | You are sucked into a shaft and drop 1 floor!
 57138 | Spider:2 | Gained mutation: You have hidden genetic defects.
                  | [mutagenic glow]
 57140 | Spider:2 | Lost mutation: You have hidden genetic defects. [potion of
                  | mutation]
 57140 | Spider:2 | Gained mutation: You possess an exceptional clarity of
                  | mind. [potion of mutation]
 57140 | Spider:2 | Gained mutation: You are agile. (Dex +4, Str/Int -1)
                  | [potion of mutation]
 59083 | Spider:3 | Noticed Arachne
 59092 | Spider:3 | Killed Arachne
 59341 | Spider:3 | Reached XP level 19. HP: 160/160 MP: 3/47
 60683 | Spider:3 | Identified the +4 rapier of the Living God {vorpal, +Blink
                  | SInv}
 61093 | Spider:4 | Entered Level 4 of the Spider Nest
 61108 | Spider:4 | Noticed Nikola
 61113 | Spider:4 | Killed Nikola
 61204 | Spider:4 | Found a frozen archway.
 61385 | IceCv    | Entered an ice cave
 61921 | IceCv    | Identified the +1 ice dragon scales "Kyapraymn" {rElec rF-
                  | rC++ Will++ Int-2 Slay+2}
 62305 | IceCv    | Learned a level 3 spell: Swiftness
 62310 | IceCv    | Learned a level 4 spell: Hailstorm
 63885 | Spider:4 | Found a runed translucent gate.
 63886 | Spider:4 | Found a runed translucent gate.
 63887 | Spider:4 | Found a runed translucent gate.
 63887 | Spider:4 | Noticed dvd2's ghost (adept MiFi)
 64471 | Spider:4 | Got a gossamer rune of Zot
 65091 | Vaults:1 | Entered Level 1 of the Vaults
 66639 | Vaults:1 | Reached XP level 20. HP: 141/168 MP: 26/48
 67989 | Vaults:2 | Found Qyce's Weapon Shoppe.
 68008 | Vaults:2 | Got the Writings on the Spellbinding Atmosphere
 69614 | Vaults:2 | Found a staircase to the Crypt.
 69678 | Vaults:2 | Noticed Donald
 69682 | Vaults:2 | Killed Donald
 69912 | Vaults:2 | Reached skill level 15 in Earth Magic
 69914 | Vaults:2 | Reached skill level 15 in Fire Magic
 71143 | Vaults:3 | Learned a level 5 spell: Borgnjor's Vile Clutch
 72474 | Vaults:3 | Identified the +11 chain mail of the Harvest Moon {Regen+}
 73339 | Vaults:4 | Reached XP level 21. HP: 84/174 MP: 49/49
 73662 | Vaults:4 | Noticed Mara
 73818 | Vaults:4 | Noticed Boris
 73821 | Vaults:4 | Killed Boris
 73890 | Vaults:4 | Noticed Frederick
 73894 | Vaults:4 | Killed Frederick
 74553 | Vaults:4 | Killed Mara
 74597 | Vaults:4 | Noticed Saint Roka
 74606 | Vaults:4 | Killed Saint Roka
 75745 | Depths:1 | Entered Level 1 of the Depths
 76144 | Depths:1 | Found a gateway to Hell.
 76180 | Depths:1 | Found a runed translucent door.
 76198 | Depths:1 | Found a one-way gate leading to the halls of Pandemonium.
 76728 | Depths:1 | Found Gozag's Platinum Reserve.
 77137 | Depths:1 | Found Ypaifef's Book Boutique.
 77138 | Depths:1 | Found Ahesezal's Book Boutique.
 77139 | Depths:1 | Found Ossomnus's Jewellery Emporium.
 78267 | Depths:2 | Found a one-way gateway to a ziggurat.
 78686 | Depths:2 | Noticed a golden dragon
 78688 | Depths:2 | Killed a golden dragon
 78765 | Depths:2 | Identified the +0 leather armour of the Doldrums {Regen+
                  | rCorr Int+3}
 79146 | Depths:2 | Identified the ring of Kaitumio {rPois rC+}
 79812 | Depths:3 | Noticed Sojobo
 79893 | Depths:3 | Identified the +9 plate armour of the Stonemason {rF+
                  | Int+4}
 80126 | Depths:3 | Noticed Vv
 80141 | Depths:3 | Killed Vv
 80422 | Depths:3 | Found Toel's Assorted Antiques.
 80423 | Depths:3 | Found Rapnirer's Distillery.
 80423 | Depths:3 | Found Aligrih's Antique Armour Shop.
 80426 | Depths:3 | Found Akhuer's Weapon Shop.
 81235 | Depths:3 | Noticed a juggernaut
 81685 | Depths:3 | Reached XP level 22. HP: 181/181 MP: 51/51
 81947 | Depths:3 | Found a one-way gate to the infinite horrors of the Abyss.
 82129 | Depths:3 | Killed Sojobo
 82381 | Depths:3 | Killed a juggernaut
 82549 | Depths:4 | Entered Level 4 of the Depths
 82950 | Depths:4 | Noticed a caustic shrike
 82950 | Depths:4 | Noticed a caustic shrike
 82951 | Depths:4 | Noticed a caustic shrike
 82954 | Depths:4 | Killed a caustic shrike
 82956 | Depths:4 | Killed a caustic shrike
 82958 | Depths:4 | Killed a caustic shrike
 83529 | Depths:4 | Noticed Boris
 83531 | Depths:4 | Killed Boris
 85235 | Depths:4 | Found a gate to the Realm of Zot.
 86284 | Hell     | Entered the Vestibule of Hell
 86292 | Hell     | Noticed Geryon
 86619 | Crypt:1  | Entered Level 1 of the Crypt
 87805 | Crypt:1  | Identified the +0 flail of the Delightful God {elec, Str+6
                  | Stlth+}
 88633 | Crypt:2  | Identified the ring "Fored" {Fly Str+2}
 89368 | Crypt:3  | Entered Level 3 of the Crypt
 91416 | Crypt:3  | Found a staircase to the Tomb.
 91419 | Crypt:3  | Got the Grimoire of Despicable Mysteries
 91484 | Crypt:3  | Identified the ring "Zunkoq" {*Slow rN+ Str+8 Dex+6}
 92210 | Crypt:3  | Reached skill level 15 in Fighting
 92492 | Crypt:3  | Reached XP level 23. HP: 186/187 MP: 53/53
 93789 | Vaults:5 | Entered Level 5 of the Vaults
 94787 | Vaults:5 | Hit by a large rock thrown by a stone giant

Illustrated notes

Levels and vault maps discovered:
D:1:      ebering_hopf_link, layout_loops_ring, moated_statue
D:2:      layout_rooms, shapermc_ecumenical_altar_rom_forum
D:3:      layout_basic, elyvilon_altar_3
D:4:      layout_basic, mainiacjoe_overflow_tiny_flanked, bloody_makhleb,
          ebering_ghost_sewer_d
D:5:      layout_cave_pools, mainiacjoe_overflow_boulevard, uniq_sigmund
D:6:      layout_basic, nemelex_diamond_rough_becter, lemuel_tele_altar,
          minmay_temple_entry_crystal_x, ebering_ghost_inner_flame
D:7:      layout_loops_cross, serial_shops, shop, uniq_maggie, uniq_joseph
D:8:      layout_loops_ring, mainiacjoe_overflow_alcove_2,
          mainiacjoe_overflow_catwalk, gammafunk_temple_overflow_statue,
          chequers_serial_rivers_room_b, grunt_ministairs_6,
          nicolae_island_escapes
D:9:      layout_basic, mainiacjoe_overflow_paths, minmay_orc_entry_guard_dogs,
          gammafunk_ghost_grave, grunt_decor_resistance, uniq_grum, uniq_harold
D:10:     layout_long_grid, trog_ov_bears_minmay, erik_lair_orcish_takeover,
          enter_bailey_5, grunt_ministairs_1, minmay_beelzebubs_servants
D:11:     layout_long_grid, chequers_serial_rivers_micro_b
D:12:     minmay_the_grid_square_5x5_4x4 [minmay_the_grid_square_5x5_mess,
          minmay_the_grid_square_5x5_n_small, minmay_the_grid_square_5x5_n,
          minmay_the_grid_square_5x5_lines,
          minmay_the_grid_square_5x5_eight_small,
          minmay_the_grid_square_5x5_prize_gold,
          minmay_the_grid_square_5x5_prize_junk,
          minmay_the_grid_square_5x5_checkered_sparse,
          minmay_the_grid_square_5x5_hollow_slash,
          minmay_the_grid_square_5x5_prize_monsterx,
          minmay_the_grid_square_5x5_prize_rear_guard,
          minmay_the_grid_square_5x5_one_wall, minmay_the_grid_square_5x5_slash,
          minmay_the_grid_square_5x5_eight, minmay_the_grid_square_5x5_inner_i,
          minmay_the_grid_square_5x5_half_checkered], layout_cross,
          chequers_jeans, eino_small_chamber_without_monster, uniq_urug,
          uniq_jorgrun, uniq_erolcha
D:13:     layout_loops_cross, serial_bayou_lagoon_a, patterned_corridor
D:14:     layout_long_grid, skrybe_vaults_entry_preservation,
          nicolae_trove_entry_free_sample, nicolae_water_bricks,
          nicolae_shop_firing_range
D:15:     gammafunk_depths_entry_grave, layout_loops_corners,
          hangedman_ru_absence, gauntlet_entry_generic, serial_park_tiny_2,
          grunt_decor_mini_mirrors, nrook_guardian_serpent_ordinary
Temple:   cyrus_temple_forest
Lair:1:   layout_cave_pods, grunt_megastairs_1, lemuel_fruit_tree,
          uniq_nergalle, uniq_gastronok
Lair:2:   nzn_winding_woodlands_stair_trap
          [nzn_winding_woodlands_5x15_concentric,
          nzn_winding_woodlands_5x15_parted,
          nzn_winding_woodlands_5x15_pathside_ponds,
          nzn_winding_woodlands_15x15_boxy_spiral,
          nzn_winding_woodlands_5x15_longhouse,
          nzn_winding_woodlands_5x15_river_crossing,
          nzn_winding_woodlands_5x15_zeroes], layout_gridlike,
          hellmonk_spider_entry_not_the_bees
Lair:3:   layout_cave_pods, elwin_shoals_entry_stream, hangedman_tree_tricks,
          grunt_megastairs_3, uniq_rupert
Lair:4:   layout_small_grid, dpeg_slime_entry_enclosed
Lair:5:   hangedman_lair_tendril_chambers, layout_big_grid,
          infiniplex_staircase_pool
Shoals:1: layout_shoals, uniq_aizul
Shoals:2: layout_shoals
Shoals:3: layout_shoals, serial_shops, nicolae_shop_crystal,
          nicolae_shoals_loop_pool
Shoals:4: shoals_end_grunt_ice, layout_shoals, serial_shops,
          nicolae_lakefront_shop, uniq_polyphemus, uniq_mlioglotl
Spider:1: layout_spider_delve
Spider:2: layout_spider_delve, special_room [special_room_bee],
          guppyfry_spider_mini_2
Spider:3: nicolae_spider_mines_2, uniq_arachne
Spider:4: grunt_spider_rune_island, gammafunk_ghost_tricky_traps,
          portal_ice_cave_entry_frozen_things, uniq_nikola
Orc:1:    layout_diamond_mine, serial_shops, minmay_orc_keep
Orc:2:    st_orc_open, layout_caves, basic_altar
Elf:1:    minmay_elf_arrival_summoners, layout_loops_ring, serial_shops,
          nicolae_shop_behind_doors, hangedman_elf_disciples,
          minmay_crystal_room
Elf:2:    nicolae_elf_blades_splatter_lattice [infiniplex_blade_entry_pillars],
          layout_geoelf_octagon, minmay_shop_star
Elf:3:    minmay_elf_hall_circle, layout_gridlike, basic_altar
Vaults:1: v_alt_pattern_3, nicolae_vaults_border_crossing,
          hangedman_vaults_slither, nicolae_vaults_big_angled_halls, v_misc_12,
          v_misc_33, nicolae_vaults_shelves_hall, hangedman_vaults_cutoff,
          nicolae_vaults_three_branches, layout_vaults_ring
Vaults:2: minmay_crypt_entry_vampire_xt, nicolae_vaults_network_barrier,
          nicolae_vaults_inception_statues, v_misc_28,
          nicolae_vaults_ninety_degrees, v_pattern_5, v_misc_19,
          vaults_dpeg_cross, v_rooms_2, ontoclasm_vaults_chip,
          vaults_room_guarded_vault, vaults_room_door_ring,
          layout_vaults_big_cross, serial_shops, shop, uniq_donald, uniq_margery
Vaults:3: nicolae_vaults_network_quinsquares
          [nicolae_vaults_network_quincunx_subvault,
          nicolae_vaults_network_quincunx_subvault,
          nicolae_vaults_network_quincunx_subvault,
          nicolae_vaults_network_quincunx_subvault], st_cells,
          nicolae_vaults_alarming, nicolae_vaults_diagonal_hallway_8,
          nicolae_vaults_little_squares_1, v_alt_pattern_1,
          ontoclasm_vaults_ligature, v_alt_pattern_3, v_misc_18,
          grunt_vaults_funnel, hangedman_vaults_slice, layout_vaults_quadrants
Vaults:4: vaults_mumra_lcd, grunt_vaults_twisty, hangedman_vaults_snaps,
          v_pattern_1, dpeg_vaults_monster_row, ontoclasm_vaults_chip,
          hangedman_vaults_impose, nicolae_vaults_asterisk,
          nicolae_vaults_yaktaur_gun_rack, v_misc_25, layout_vaults_big_room,
          uniq_saint_roka, uniq_frederick, uniq_mara, uniq_boris
Vaults:5: serial_shops
Crypt:1:  layout_catacombs
Crypt:2:  layout_gridlike, basic_altar
Crypt:3:  evilmike_haunted_forest
Depths:1: layout_honeycomb, pan_entry, nicolae_gozag_zags_fifth_avenue,
          hell_entry, lemuel_angel_altar, minmay_shop_grove
Depths:2: minmay_broken_ring, layout_twisted_cross, enter_ziggurat_d, pan_entry,
          hell_entry, minmay_misc_feat_alley, infiniplex_staircase_pool_2,
          grunt_megastairs_5
Depths:3: kennysheep_scales, layout_gridlike, abyss_entry_small_statue_room,
          grunt_metal_band, minmay_misc_feat_doors,
          chequers_serial_rivers_small_b, yredelemnul_forgotten_temple_becter,
          infiniplex_staircase_diamond, minmay_shoptagon, uniq_sojobo, uniq_vv
Depths:4: grunt_zot_entry_gee_three, layout_gridlike, cheibriados_altar_2,
          hell_entry, hangedman_abyss_or_decor_clamps, corexii_hall_statues_s,
          chequers_serial_rivers_small_b, drop_trap, st_stairs_5
Hell

Skill      XL: |  1  2  3  4  5  6  7  8  9 10 11 12 13 14 15 16 17 18 19 20 21 22 23 |
---------------+----------------------------------------------------------------------+-----
Spellcasting   | 2 3 4 6 8 10 12 13 15 18 19 20 | 20.0
Conjurations   | 4 5 6 7 8 10 12 13 15 16 18 19 20 | 20.0
Fighting       | 1 5 8 10 12 15 | 15.0
Evocations     | 1 5 8 12 14 | 14.1
Fire Magic     | 5 7 8 12 14 15 | 15.0
Earth Magic    | 5 6 10 12 14 15 17 18 | 18.0
Armour         | 3 |  3.0
Dodging        | |  1.7
Stealth        | |  1.7

Action                   |  1- 3 |  4- 6 |  7- 9 | 10-12 | 13-15 | 16-18 | 19-21 | 22-24 || total
-------------------------+-------+-------+-------+-------+-------+-------+-------+-------++-------
Melee: Unarmed           |     8 |       |       |       |       |       |       |       ||     8
       Dagger            |       |       |     3 |       |       |       |       |       ||     3
       Halberd           |       |       |    24 |   198 |   106 |       |       |       ||   328
       Staff             |       |       |       |       |   130 |   156 |   254 |    42 ||   582
       Punch             |       |       |       |       |     2 |       |       |       ||     2
Throw: Dart              |       |       |       |    45 |     1 |       |       |       ||    46
       Throwing net      |       |       |       |       |     1 |       |       |       ||     1
 Cast: Magic Dart        |   114 |    49 |    90 |    91 |    61 |     3 |     1 |       ||   409
       Searing Ray       |       |    18 |    49 |    71 |     2 |       |       |       ||   140
       Iskenderun's Myst |       |       |    17 |   115 |   141 |    83 |   105 |    32 ||   493
       Stone Arrow       |       |       |       |    73 |   473 |   533 |   415 |    58 ||  1552
       Mephitic Cloud    |       |       |       |     9 |    16 |     4 |     2 |       ||    31
       Starburst         |       |       |       |       |    78 |   246 |   245 |    32 ||   601
       Lee's Rapid Decon |       |       |       |       |     7 |    39 |    44 |    60 ||   150
       Lehudib's Crystal |       |       |       |       |       |       |    98 |   175 ||   273
       Hailstorm         |       |       |       |       |       |       |    37 |    15 ||    52
       Borgnjor's Vile C |       |       |       |       |       |       |     5 |    18 ||    23
       Swiftness         |       |       |       |       |       |       |     1 |     1 ||     2
Evoke: Wand              |       |       |     1 |     6 |     1 |    14 |     3 |     3 ||    28
       Phial of floods   |       |       |       |     1 |     1 |     2 |       |     1 ||     5
       Phantom mirror    |       |       |       |       |       |     4 |     1 |       ||     5
       Lightning rod     |       |       |       |       |       |     3 |     2 |       ||     5
       Condenser vane    |       |       |       |       |       |     1 |     1 |       ||     2
  Use: Potion            |       |       |     1 |       |     2 |     3 |       |       ||     6
       Scroll            |       |       |     1 |     7 |    15 |    10 |     4 |     4 ||    41
 Stab: Distracted        |       |       |       |     1 |       |       |       |       ||     1
       Paralysed         |       |       |       |     6 |       |       |       |       ||     6
       Confused          |       |       |       |     2 |     3 |       |       |       ||     5
       Sleeping          |       |       |       |     1 |       |       |     3 |       ||     4
Armor: Robe              |     4 |     2 |    14 |    65 |    44 |   150 |   150 |    39 ||   468
       Leather armour    |       |       |       |    13 |    31 |       |       |       ||    44
Dodge: Dodged            |    19 |    10 |    45 |   204 |   262 |   323 |   296 |    70 ||  1229
       Repelled          |       |       |       |     3 |     6 |    15 |     5 |     4 ||    33
Block: Other             |     5 |     3 |    24 |    75 |    86 |       |       |       ||   193
       Reflection        |       |     1 |     3 |     2 |    11 |    47 |    12 |     5 ||    81
       Buckler           |       |       |       |       |     7 |   247 |   260 |    68 ||   582
